 Dungeon Crawl Stone Soup version 0.31-a0-188-g5e087ee2ca (webtiles) character file.

Game seed: 12401505594035267010

20 qw the Shooter (level 2, 0/16 HPs)
             Began as a Deep Elf Hunter on June 23, 2023.
             Succumbed to their own poison gas
             ... on level 2 of the Dungeon.
             The game lasted 00:00:18 (1068 turns).

qw the Shooter (Deep Elf Hunter)                    Turns: 1068, Time: 00:00:18

Health: 0/16       AC:  7    Str:  8    XL:     2   Next: 58%
Magic:  4/4        EV: 10    Int: 13    God:
Gold:   20         SH:  0    Dex: 18    Spells: 1/1 levels left

rFire   . . .        Y - +0 shortbow
rCold   . . .        (shield currently unavailable)
rNeg    . . .        d - +0 ring mail
rPois   .            e - +0 helmet
rElec   .            (no cloak)
rCorr   .            i - +0 pair of gloves
SInv    .            (no boots)
Will    .....        (no amulet)
Stlth   +            (no ring)
HPRegen 0.22/turn    (no ring)
MPRegen 0.09/turn

%: no passive effects
@: lethally poisoned (0 -> -9)
A: no striking features
a: no special abilities


You were on level 2 of the Dungeon.
You visited 1 branch of the dungeon, and saw 2 of its levels.

You collected 47 gold pieces.
You spent 27 gold pieces at shops.


   Skills:
 - Level 1.5 Fighting
 + Level 6.3 Ranged Weapons
 - Level 2.4 Dodging
 - Level 1.2 Stealth


You had one spell level left.
You didn't know any spells.
Your spell library was empty.

Inventory:

Hand Weapons
 Y - a +0 shortbow (weapon)
Armour
 d - a +0 ring mail (worn)
 e - a +0 helmet (worn)
 i - a +0 pair of gloves (worn)
Potions
 a - a potion of curing {unknown}
 b - a potion of brilliance {unknown}
 c - a potion of heal wounds {unknown}

Dungeon Overview and Level Annotations

Branches:
Dungeon (2/15)

Altars:

Shops:
D:2 *(:


Message History

You can access your shopping list by pressing '$'.
990 ||| SHOPLISTING scroll of identify (60 gold, have 20).
You can access your shopping list by pressing '$'.
990 ||| SHOPLISTING sedimented sapphire potion (27 gold, have 20).
You can access your shopping list by pressing '$'.
990 ||| SHOPLISTING silver ring (150 gold, have 20).
You can access your shopping list by pressing '$'.
c - a grey potion
Enter note:
Enter note:
f - a scroll labelled WUPPOD SOD GOMN
Enter note:
Enter note:
Found an escape hatch in the floor.
Enter note:
Enter note:
Found 4 poisoned darts.
There is an entrance to Echar's Book Shop here.
Enter note:
Enter note:
1065 ||| READING scroll labelled WUPPOD SOD GOMN.
The air fills with toxic fumes!
As you read the scroll labelled WUPPOD SOD GOMN, it crumbles to dust.
It was a scroll of poison.
Partly explored, can't reach some items and places.
Partly explored, can't reach some items and places.
Enter note: Really walk into that cloud of poison gas?
You are engulfed in poison gas.
You are poisoned.
Ouch! That really hurt!
You feel very sick.
Enter note:
Enter note:
Enter note:
1067 ||| Stepping ~*~*~tactically~*~*~ (cloud).
You feel very sick.
There is an entrance to Echar's Book Shop here.
There is a lethal amount of poison in your body!
You die...

..> .# #..#.#
...#.# #.##.#
#.##.# #.##.#
########¤##¤#
#.......¤¤¤¤7##
#.######.#7¤@¤7
#.# ........7¤#
#.# .###.####¤#
#####.# #.# #¤#
......# ... .¤#
####### ... .¤¤
....# .## ####
..#.# ....#


There were no monsters in sight!

Vanquished Creatures
  A dart slug (D:1)
  A ball python (D:1)
  2 endoplasms (D:1)
  2 goblins
  2 hobgoblins
  A quokka (D:1)
  3 bats (D:1)
  2 frilled lizards (D:1)
  A kobold (D:1)
  2 rats (D:1)
17 creatures vanquished.

Notes
Turn   | Place    | Note
-------+----------+-------------------------------------------
     0 | D:1      | qw the Deep Elf Hunter began the quest for the Orb.
     0 | D:1      | Reached XP level 1. HP: 12/12 MP: 3/3
     0 | D:1      | 0 ||| qw: Version: 0.3-a-9-g12657ce
     0 | D:1      | 0 ||| qw: Game counter: 4387
     0 | D:1      | 0 ||| qw: Always use a shield: true
     0 | D:1      | 0 ||| qw: God list: Okawaru
     0 | D:1      | 0 ||| qw: Allow faded altars: false
     0 | D:1      | 0 ||| qw: Do Orc after D:15 true
     0 | D:1      | 0 ||| qw: Do second Lair branch before Depths: true
     0 | D:1      | 0 ||| qw: Lair rune preference: random
     0 | D:1      | 0 ||| qw: Plans: Normal
     0 | D:1      | 0 ||| PLANNING D:1-11
   217 | D:1      | Reached XP level 2. HP: 12/16 MP: 4/4
   298 | D:1      | Reached skill level 6 in Ranged Weapons
   677 | D:1      | Found a faded altar of an unknown god.
   796 | D:1      | 796 ||| UPGRADING to +0 ring mail.
   806 | D:1      | 806 ||| DROPPING +0 leather armour.
   807 | D:1      | 807 ||| UPGRADING to +0 helmet.
   812 | D:1      | 812 ||| UPGRADING to +0 pair of gloves.
   817 | D:1      | 817 ||| READING scroll labelled CIKHLA KUBO.
   818 | D:1      | 818 ||| READING scroll labelled KYNKICWAMA.
   819 | D:1      | 819 ||| READING scroll labelled OROISAVVYG.
   820 | D:1      | 820 ||| DROPPING scroll of butterflies.
   879 | D:2      | Found Bucwuj's Antique Weapon Shoppe.
   982 | D:2      | Found Fowisut's Assorted Antiques.
   990 | D:2      | 990 ||| BUYING black potion (27 gold).
   990 | D:2      | Bought a black potion for 27 gold pieces
   990 | D:2      | 990 ||| SHOPLISTING fuming pink potion (27 gold, have 20).
   990 | D:2      | 990 ||| SHOPLISTING runed scale mail (210 gold, have 20).
   990 | D:2      | 990 ||| SHOPLISTING scroll labelled XOGECU SECA (30 gold,
                  | have 20).
   990 | D:2      | 990 ||| SHOPLISTING scroll of identify (60 gold, have 20).
   990 | D:2      | 990 ||| SHOPLISTING sedimented sapphire potion (27 gold,
                  | have 20).
   990 | D:2      | 990 ||| SHOPLISTING silver ring (150 gold, have 20).
  1057 | D:2      | Found Echar's Book Shop.
  1065 | D:2      | 1065 ||| READING scroll labelled WUPPOD SOD GOMN.
  1067 | D:2      | 1067 ||| Stepping ~*~*~tactically~*~*~ (cloud).
  1067 | D:2      | HP: 2/16 [poisoned by you (poison gas)]
  1068 | D:2      | Succumbed to their own poison gas

Levels and vault maps discovered:
D:1:      dpeg_arrival_rooms_a, layout_basic, serial_forest,
          infiniplex_forest_clump_curved, infiniplex_forest_straight_2,
          infiniplex_forest_clump_diagonal, infiniplex_forest_lined_2,
          infiniplex_forest_zigzag_1, infiniplex_forest_zigzag_2,
          infiniplex_forest_lined_2, infiniplex_forest_clump_long,
          infiniplex_forest_clump_large, shapermc_ecumenical_altar_rom_forum
D:2:      layout_basic, serial_shops, shop, nicolae_shop_just_a_little_nook,
          shop, nicolae_shop_trees, shop

Skill      XL: |  1  2 |
---------------+-------+-----
Ranged Weapons | 6 |  6.3
Fighting       | |  1.5
Dodging        | |  2.4
Stealth        | |  1.2

Action                     || total
---------------------------++-------
   Fire: Shortbow          ||    40
    Use: Scroll            ||     4
 Armour: Leather armour    ||     5
  Dodge: Dodged            ||     7

Table legend:
 A = Non-vault XP
 B = Vault XP
 C = Vault XP percentage of total XP
 D = Non-vault monster count
 E = Vault monster count
 F = Vault count percentage of total count
                 A         B        C        D         E       F
            +---------+---------+-------+---------+---------+-------
      Total |      29 |       0 |   0.0 |      17 |       0 |   0.0
            +---------+---------+-------+---------+---------+-------
        D:1 |      25 |       0 |   0.0 |      15 |       0 |   0.0
        D:2 |       4 |       0 |   0.0 |       2 |       0 |   0.0
            +---------+---------+-------+---------+---------+-------
